 Dungeon Crawl Stone Soup version 0.30-a0-782-ge64f9170bb (console) character file.

Game seed: 13589289596014520949

6120 utis the Zephyrmancer (level 10, -3/61 HPs)
             Began as a Tengu Wanderer on Feb 25, 2023.
             Slain by a boulder beetle (26 damage)
             ... on level 8 of the Dungeon.
             The game lasted 00:42:11 (11480 turns).

utis the Zephyrmancer (Tengu Wanderer)             Turns: 11480, Time: 00:42:12

Health: -3/61      AC:  8    Str:  9    XL:     10   Next: 89%
Magic:  7/12       EV: 20    Int: 21    God:
Gold:   532        SH:  0    Dex: 19    Spells: 7/11 levels left

rFire   . . .      SeeInvis .    b - staff of air
rCold   . . .      Faith    .    (no shield)
rNeg    . . .      Spirit   .    C - +0 steam dragon scales
rPois   .          Reflect  .    (helmet restricted)
rElec   +          Harm     .    (no cloak)
rCorr   .          Rampage  .    d - +2 pair of gloves
Will    +....                    (boots unavailable)
Stlth   ++                       (no amulet)
HPRegen 0.30/turn                g - ring of willpower
MPRegen 0.13/turn                I - +6 ring of intelligence

@: flying quickly and evasively, quick
A: beak, talons 3, nimble flight
a: no special abilities


You were on level 8 of the Dungeon.
You visited 1 branch of the dungeon, and saw 8 of its levels.
You also visited: Sewer.

You collected 532 gold pieces.

Inventory:

Hand Weapons
 a - a +1 mace of draining
 c - a +3 falchion
 n - the +3 flail of the Jolly Xalams {heavy, Stlth+}
   (You found it in a sewer)

   Stlth:     It makes you more stealthy.
 o - a +1 dagger of venom
 p - a +2 short sword of holy wrath
 A - a +0 halberd of venom
 F - a +3 heavy shortbow
Missiles
 u - 3 atropa-tipped darts
 B - a throwing net {=f}
Armour
 d - a +2 pair of gloves (worn)
 q - a +0 robe
 r - a +0 ring mail
 C - +0 steam dragon scales (worn)
Magical Staves
 b - a staff of air (weapon)
Jewellery
 g - a ring of willpower (left hand)
 I - a +6 ring of intelligence (right hand)
Wands
 t - a wand of paralysis (22)
Scrolls
 l - a scroll of enchant armour
 s - a scroll of poison {unknown}
 v - a scroll of vulnerability {unknown}
 w - a scroll of amnesia
 y - a scroll of immolation {unknown}
 z - 2 scrolls of magic mapping {unknown}
 D - 2 scrolls of identify {@r1}
 E - a scroll of torment {unknown}
 H - a scroll of silence {unknown}
 L - a scroll of enchant weapon
Potions
 e - 6 potions of curing {@q1}
 f - 6 potions of attraction
 h - a potion of mutation {unknown}
 i - 3 potions of haste {unknown}
 j - a potion of might
 k - a potion of resistance
 m - 4 potions of heal wounds {@q2}
 x - 2 potions of berserk rage {unknown}
 G - a potion of flight {unknown}
 J - a potion of cancellation {unknown}
 K - a potion of brilliance {unknown}
 M - a potion of lignification {unknown}
 N - a potion of ambrosia {unknown}


   Skills:
 - Level 6.4 Fighting
 - Level 2.1 Long Blades
 + Level 3.1 Staves
 - Level 1.0 Throwing
 - Level 7.2 Dodging
 - Level 1.0 Stealth
 - Level 1.0 Spellcasting
 - Level 6.0 Conjurations
 - Level 2.0 Translocations
 + Level 9.7 Air Magic
 - Level 1.0 Invocations
 + Level 9.3 Evocations


You had 7 spell levels left.
You knew the following spells:

 Your Spells              Type           Power      Damage    Failure   Level
z - Shock                 Conj/Air       100%       1d9       1%          1
Y - Vhi's Electric Charg  Tloc/Air       76%        N/A       4%          3

Your spell library contained the following spells:

 Spells                   Type           Power      Damage    Failure   Level


Dungeon Overview and Level Annotations

Branches:
Dungeon (8/15)             Temple (0/1) D:5           Sewer (visited)
   Lair: D:8-11

Altars:
Ashenzari
Cheibriados
Elyvilon
Fedhas
Hepliaklqana
Kikubaaqudgha
Makhleb
Okawaru
Sif Muna
Trog
Vehumet
Wu Jian
Yredelemnul
The Shining One

Shops:
D:7 :


Innate Abilities, Weirdness & Mutations

You have a beak for a mouth.
You have claws for feet.
Your magical nature lets you fly swiftly and evasively.


Message History

Press: ? - help, Q - select action, (/) - cycle Shift-Dir - straight line You feel a surge of power!
The zap hits the boulder beetle but does no damage.
The zap hits the boulder beetle.
The boulder beetle is lightly wounded.
The boulder beetle completely misses you.
Aiming: Shock (safe; 1% risk of failure)
Press: ? - help, Q - select action, (/) - cycle Shift-Dir - straight line You feel a surge of power!
The zap hits the boulder beetle but does no damage.
The boulder beetle is lightly wounded.
The zap hits the boulder beetle but does no damage.
The boulder beetle is lightly wounded.
The boulder beetle completely misses you.
Press: ? - help, v - describe, . - travel The floor, spattered with blood.
Unknown command.
The boulder beetle curls into a ball and begins rolling!
Things that are here:
a +0 short sword; an orc skeleton The boulder beetle hits you!!
The boulder beetle stops rolling and uncurls.
Unknown command.
Casting: Shock (safe; 1% risk of failure)
Confirm with . or Enter, or press ? or * to list all spells.
Charge where?
Press: ? - help, Dir - move target, f - boulder beetle
Aim: a boulder beetle (97% to hit)
You feel a surge of power!
You charge forward with an electric crackle!
You hit the boulder beetle but do no damage.
The boulder beetle is electrocuted!
You claw the boulder beetle.
The boulder beetle is lightly wounded.
The boulder beetle bites you!!
* * * LOW HITPOINT WARNING * * *
The boulder beetle bites you.
* * * LOW HITPOINT WARNING * * *
The boulder beetle curls into a ball and begins rolling!
The boulder beetle hits you!!
You die...

░.░░.................░░░░
░.░░.....................
░..░...........░.░░░░░░░.
░░)░...........░░.░ ░.
░.░.........░.°..░ ░>
░.░.........░░░).░ ░.
░.░.........░░░.░░ ░░.
░.░..<.B°°......░ ░░░░.░
░......Q..°.....░░░...░░
░░░░░░░.░░......))......
░...░░░░░░░.▒▒)▒▒▒▒▒
░.░░░ ▒▒▒......▒ ░.░
▒▒▒...▓▓▓▓..
░.░░░░▒▒▒..)▓▓▓ ▓▓▓
░.░░.▒▒....▓▓ ▓
░.░.▒▒.~..▓▓ ░...▒.^.~▓▓


You could see a boulder beetle (rolling).

Vanquished Creatures
  A two-headed ogre (D:8)
  A gargoyle (D:7)
  Prince Ribbit (D:6)
  2 wyverns
  7 yaks (D:8)
  2 steam dragons
  A water moccasin (D:7)
  2 orc warriors
  2 sky beasts (D:8)
  3 ice beasts
  A black bear (D:8)
  2 ogres (D:5)
  5 centaurs
  A phantom (D:4)
  5 bullfrogs
  3 necrophages
  2 scorpions (D:5)
  6 wights
  3 howler monkeys
  3 hounds (D:6)
  3 jellies (Sewer)
  A gnoll bouda (D:7)
  5 orc priests
  3 orc wizards (D:8)
  3 iguanas
  13 gnolls
  12 adders
  2 river rats
  A shadow imp (D:7)
  A white imp (D:6)
  4 worms
  4 dart slugs
  25 orcs
  13 ball pythons
  A bat (D:1)
  10 endoplasms
  7 giant cockroaches
  26 goblins
  30 hobgoblins
  6 jackals (D:1)
  4 quokkas
  8 frilled lizards
  11 kobolds
  18 rats
  A butterfly (D:5)
265 creatures vanquished.

Vanquished Creatures (others)
  A hound (D:7)
1 creature vanquished.

Grand Total: 266 creatures vanquished

Notes
Turn   | Place    | Note
-------+----------+-------------------------------------------
     0 | D:1      | utis the Tengu Wanderer began the quest for the Orb.
     0 | D:1      | utis set off with the following items: a +3 falchion, a
                  | potion of heal wounds {@q2}, a +0 robe; and the following
                  | spell memorised: Shock; and the following spells available
                  | to memorise: Vhi's Electric Charge.
     0 | D:1      | Reached XP level 1. HP: 12/12 MP: 3/3
   260 | D:1      | Reached skill level 1 in Conjurations
   260 | D:1      | Reached XP level 2. HP: 7/17 MP: 1/4
   262 | D:1      | Reached skill level 1 in Dodging
   458 | D:1      | Reached XP level 3. HP: 21/21 MP: 5/5
  1513 | D:2      | Reached XP level 4. HP: 26/26 MP: 6/6
  2321 | D:3      | Found a faded altar of an unknown god.
  2618 | D:3      | Gained mutation: Your magical nature lets you fly swiftly
                  | and evasively. [Tengu growth]
  2618 | D:3      | Reached XP level 5. HP: 30/30 MP: 5/7
  2656 | D:3      | Learned a level 3 spell: Vhi's Electric Charge
  3307 | D:3      | Noticed a steam dragon
  3324 | D:3      | Killed a steam dragon
  3325 | D:3      | Reached skill level 5 in Air Magic
  3325 | D:3      | Reached XP level 6. HP: 22/36 MP: 3/8
  4349 | D:4      | Reached XP level 7. HP: 22/41 MP: 6/9
  4523 | D:4      | Reached skill level 5 in Conjurations
  4671 | D:4      | Found a glowing drain.
  4684 | Sewer    | Entered a sewer
  5140 | Sewer    | Found a viscous altar of Jiyva.
  5176 | Sewer    | Identified the +3 flail of the Jolly Xalams {heavy, Stlth+}
  5357 | D:4      | Found a burning altar of Makhleb.
  5358 | D:4      | Found an ornate altar of the Wu Jian Council.
  5634 | D:4      | Found an iron altar of Okawaru.
  5634 | D:4      | Found a bloodstained altar of Trog.
  5634 | D:4      | Found a shimmering blue altar of Sif Muna.
  5635 | D:4      | Found a broken altar of Ashenzari.
  5635 | D:4      | Found an ancient bone altar of Kikubaaqudgha.
  5635 | D:4      | Found a snail-covered altar of Cheibriados.
  5635 | D:4      | Found a radiant altar of Vehumet.
  5637 | D:4      | Found a blossoming altar of Fedhas.
  5638 | D:4      | Found a glowing golden altar of the Shining One.
  5638 | D:4      | Found a basalt altar of Yredelemnul.
  5639 | D:4      | Found a white marble altar of Elyvilon.
  5755 | D:5      | Entered Level 5 of the Dungeon
  5966 | D:5      | Reached XP level 8. HP: 48/48 MP: 5/10
  6043 | D:5      | Found a staircase to the Ecumenical Temple.
  6682 | D:5      | Reached skill level 5 in Dodging
  6700 | D:5      | Reached skill level 1 in Translocations
  6866 | D:6      | Noticed Prince Ribbit
  6923 | D:5      | Reached skill level 5 in Fighting
  6990 | D:6      | Killed Prince Ribbit
  7156 | D:6      | Reached skill level 1 in Evocations
  7156 | D:6      | Reached XP level 9. HP: 42/55 MP: 7/11
  8073 | D:7      | Reached skill level 5 in Evocations
  8485 | D:7      | Found Kuclaq's Self-Improvement Boutique.
  9342 | D:7      | Noticed a gargoyle
  9432 | D:7      | Killed a gargoyle
  9433 | D:7      | Reached XP level 10. HP: 26/60 MP: 12/12
  9557 | D:7      | Found a hazy altar of Hepliaklqana.
  9558 | D:7      | Found a faded altar of an unknown god.
 10930 | D:8      | Reached skill level 1 in Staves
 11103 | D:8      | Noticed a boulder beetle
 11104 | D:8      | Noticed a two-headed ogre
 11147 | D:8      | Killed a two-headed ogre
 11480 | D:8      | Slain by a boulder beetle

Illustrated notes

Levels and vault maps discovered:
D:1:      minmay_arrival_diagonal_passages, layout_basic
D:2:      layout_basic, minmay_tromino_v2
D:3:      minmay_goblin_kobold_castle, layout_loops_ring,
          hellmonk_ecumenical_altar_heavens_door
D:4:      layout_loops_cross, nicolae_overflows_in_rows,
          lightli_sewer_entry_pipes, hangedman_abyss_or_decor_stabs
D:5:      layout_loops_ring, minmay_temple_entry_butterflies
D:6:      layout_rooms, uniq_prince_ribbit1
D:7:      layout_basic, beargit_hepliaklqana_dungeon_heroes, st_stairs_3,
          nicolae_shop_self_help
D:8:      layout_loops_ring, dk_vineyard_3, dreamdust_princess_bridge,
          nzn_random_ring

Skill      XL: |  1  2  3  4  5  6  7  8  9 10 |
---------------+-------------------------------+-----
Conjurations   | 1 2 3 4 5 6 |  6.0
Air Magic      | 3 4 5 6 7 9 |  9.7
Dodging        | 1 2 3 4 6 7 |  7.2
Fighting       | 3 4 5 6 |  6.4
Translocations | 2 |  2.0
Evocations     | 1 8 9 |  9.3
Staves         | 3 |  3.1
Long Blades    | |  2.1
Throwing       | |  1.0
Stealth        | |  1.0
Spellcasting   | |  1.0
Invocations    | |  1.0

Action                     |  1- 3 |  4- 6 |  7- 9 | 10-12 || total
---------------------------+-------+-------+-------+-------++-------
  Melee: Falchion          |    50 |    33 |     4 |       ||    87
         Peck              |    10 |    13 |    17 |    29 ||    69
         Kick              |    10 |    23 |    37 |    47 ||   117
         Punch             |     1 |     1 |       |     1 ||     3
         Staff             |       |    40 |   101 |    95 ||   236
         Mace              |       |     7 |    10 |    20 ||    37
   Cast: Shock             |    24 |    77 |   169 |    47 ||   317
         Vhi's Electric Ch |       |       |     2 |     2 ||     4
    Use: Scroll            |       |     7 |     3 |       ||    10
         Potion            |       |       |     2 |       ||     2
   Stab: Sleeping          |       |     3 |     5 |       ||     8
 Armour: Robe              |    22 |    24 |    36 |       ||    82
         Steam dragon scal |       |       |       |    44 ||    44
  Dodge: Dodged            |    76 |   108 |   219 |   129 ||   532

Table legend: (Time is in decaauts)
 A = Elapsed time spent in this place.
 B = Non-inter-level travel time spent in this place.
 C = Inter-level travel time spent in this place.
 D = Time resting spent in this place.
 E = Time spent auto-exploring this place.
 F = Levels seen in this place.
 G = Mean time per level.
                   A        B        C        D        E       F      G
               +--------+--------+--------+--------+--------+-----+--------+
         Total |  11061 |  10660 |    401 |   3125 |   4893 |   9 | 1229.0 |
       Dungeon |  10571 |  10170 |    401 |   3000 |   4715 |   8 | 1321.4 |
         Sewer |    490 |    490 |      0 |    124 |    177 |   1 |  490.0 |
               +--------+--------+--------+--------+--------+-----+--------+

Top non-repeatable levels by time:
     D:3: 2439 daAuts
     D:8: 1683 daAuts
     D:7: 1529 daAuts
     D:1: 1213 daAuts
     D:6: 1182 daAuts
     D:5: 1053 daAuts
     D:4: 897 daAuts
     D:2: 571 daAuts
   Sewer: 490 daAuts
